 Dungeon Crawl Stone Soup version 0.26.1-2-gb8aa6d0cf2 (webtiles) character file.

Game seed: 829973645607804274

3681 pkoi the Grappler (level 9, -4/80 HPs)
             Began as a Troll Monk on Feb 11, 2021.
             Was a High Priest of Trog.
             Slain by a killer bee (8 damage)
             ... on level 8 of the Dungeon.
             The game lasted 00:08:52 (6780 turns).

pkoi the Grappler (Troll Monk)                      Turns: 6780, Time: 00:08:53

Health: -4/80      AC:  9    Str: 24    XL:     9   Next: 90%
Magic:  8/8        EV: 10    Int:  6    God:    Trog [*****.]
Gold:   373        SH:  0    Dex: 12    Spells: 8/8 levels left

rFire    . . .     SeeInvis .     - Unarmed
rCold    + . .     Faith    .   (no shield)
rNeg     + . .     Spirit   .   w - +1 robe {rC+}
rPois    .         Reflect  .   (helmet restricted)
rElec    .         Harm     .   n - +1 cloak
rCorr    .         Rampage  .   (gloves unavailable)
Will     .....                  (boots unavailable)
Stlth    ++........             (no amulet)
HPRegen  0.63/turn              d - ring of positive energy
MPRegen  0.11/turn              (no ring)

@: lethally poisoned (-4 -> -21), about to teleport, berserk cooldown, slowed,
very slow
A: large, unfitting armour, claws 3, regeneration 1, shaggy fur 1, tough skin 3
a: Renounce Religion, Berserk, Trog's Hand, Brothers in Arms


You were on level 8 of the Dungeon.
You worshipped Trog.
Trog was extremely pleased with you.
You visited 1 branch of the dungeon, and saw 8 of its levels.
You also visited: Sewer.

You collected 481 gold pieces.
You spent 108 gold pieces at shops.

Inventory:

Missiles
 e - 20 poisoned darts (quivered)
Armour
 n - a +1 cloak (worn)
 w - a +1 robe of cold resistance (worn)
Jewellery
 d - a ring of positive energy (left claw)
 r - an uncursed ring of ice
 t - an uncursed ring of positive energy
Wands
 o - a wand of flame (36)
 q - a wand of paralysis (17)
Scrolls
 a - a scroll of magic mapping
 b - 5 scrolls of remove curse
 h - 9 scrolls of identify
 i - 3 scrolls of amnesia
 j - a scroll of enchant armour
 p - 3 scrolls of teleportation
Potions
 c - a potion of cancellation
 f - 5 potions of heal wounds
 g - 3 potions of ambrosia
 l - 6 potions of curing
 m - 2 potions of might
 s - 3 potions of brilliance
 v - a potion of lignification


   Skills:
 - Level 2.4 Fighting
 - Level 2.4 Dodging
 - Level 1.0 Stealth
 + Level 13.9 Unarmed Combat


You had 8 spell levels left.
You didn't know any spells.
Your spell library was empty.

Dungeon Overview and Level Annotations

Branches:
Dungeon (8/15)             Temple (0/1) D:4           Sewer (visited)
   Lair: D:8-11

Altars:
Dithmenos
Elyvilon
Fedhas
Gozag
Ru
Trog
Xom
Yredelemnul
The Shining One

Shops:
D:4 (   D:5 ::!}   D:7 [=

Annotations:
D:3 1 runed translucent door, Crazy Yiuf
D:7 2 transporters


Innate Abilities, Weirdness & Mutations

You are too large for most types of armour.
You have claws for hands.
Your natural rate of healing is unusually fast.
You are covered in fur. (AC +1)
You have extremely tough skin. (AC +3)


Message History

* * * LOW HITPOINT WARNING * * *
You are lethally poisoned!
The killer bee poisons you!
The killer bee stings you but does no damage.
The killer bee closely misses you.
The killer bee stings you but does no damage. x2
The killer bee closely misses you. The killer bee stings you.
* * * LOW HITPOINT WARNING * * *
The killer bee stings you.
* * * LOW HITPOINT WARNING * * *
As you read the scroll of teleportation, it crumbles to dust.
You feel strangely unstable.
* * * LOW HITPOINT WARNING * * *
You feel very sick. The killer bee closely misses you.
The killer bee barely misses you. x4
The killer bee stings you.
* * * LOW HITPOINT WARNING * * *
The killer bee stings you but does no damage.
The killer bee stings you!
You die...

####### ####
##.....##(...
##.............
#..............
#......?....$..
#..............
#...y@y...>....
#...yyy......>.
#..............
##.....†.......
#####....<##.....
...<....### #####
........#
........#
........#


You could see 5 killer bees.

Vanquished Creatures
  Pikel (D:4)
  A hornet (D:8)
  Grinder (D:4)
  Sigmund (D:5)
  Duvessa (D:6)
  A sky beast (D:6)
  A necrophage (D:7)
  An orc warrior (D:7)
  2 ogres
  2 phantoms
  3 centaurs
  3 lemures (D:4)
  4 bullfrogs
  Dowan (D:6)
  A water moccasin skeleton (D:4)
  A scorpion (D:6)
  A killer bee (D:8)
  4 wights (D:7)
  A howler monkey (D:5)
  A bullfrog zombie (D:5)
  3 orc priests
  2 centaur skeletons (D:6)
  3 hounds
  3 orc wizards
  A jelly (D:7)
  Ijyb (D:3)
  Terence (D:3)
  6 worker ants
  A mummy (D:5)
  A hound skeleton (D:4)
  10 adders
  4 gnolls (D:5)
  A howler monkey skeleton (D:8)
  A white imp (D:5)
  3 ufetubi
  10 oozes
  2 adder zombies (D:5)
  2 adder skeletons (D:4)
  2 worms
  3 dart slugs
  18 leopard geckos
  23 orcs
  15 giant cockroaches
  5 goblins
  8 hobgoblins
  10 jackals
  5 quokkas
  11 ball pythons
  9 bats
  15 frilled lizards
  2 jackal skeletons
  7 kobolds
  3 kobold zombies (D:5)
  A leopard gecko zombie (D:5)
  An orc zombie (D:5)
  A quokka skeleton (D:3)
  6 rats
232 creatures vanquished.

Vanquished Creatures (others)
  A withered plant (D:7)
1 creature vanquished.

Grand Total: 233 creatures vanquished

Notes
Turn   | Place    | Note
-------+----------+-------------------------------------------
     0 | D:1      | pkoi the Troll Monk began the quest for the Orb.
     0 | D:1      | Reached XP level 1. HP: 22/22 MP: 0/0
    89 | D:1      | Reached XP level 2. HP: 29/29 MP: 1/1
   158 | D:1      | Reached skill level 4 in Unarmed Combat
   199 | D:1      | Reached XP level 3. HP: 35/36 MP: 2/2
   659 | D:2      | Found a faded altar of an unknown god.
   659 | D:2      | Found a shadowy altar of Dithmenos.
   667 | D:2      | Found a bloodstained altar of Trog.
   669 | D:2      | Found a faded altar of an unknown god.
   670 | D:2      | Found an opulent altar of Gozag.
   687 | D:2      | Became a worshipper of Trog the Wrathful
   687 | D:2      | Reached * piety under Trog
   687 | D:2      | Reached ** piety under Trog
   926 | D:2      | Reached XP level 4. HP: 44/44 MP: 3/3
   929 | D:2      | Reached skill level 5 in Unarmed Combat
   987 | D:2      | Found a sacrificial altar of Ru.
  1703 | D:3      | Noticed Ijyb
  1718 | D:3      | Killed Ijyb
  1899 | D:3      | Noticed Terence
  1903 | D:3      | Killed Terence
  1904 | D:3      | Reached XP level 5. HP: 50/50 MP: 4/4
  1910 | D:3      | Found a runed translucent door.
  1911 | D:3      | Noticed Crazy Yiuf
  1933 | D:3      | Reached skill level 6 in Unarmed Combat
  2504 | D:4      | Reached XP level 6. HP: 58/59 MP: 5/5
  2593 | D:4      | Found a staircase to the Ecumenical Temple.
  2718 | D:4      | Reached skill level 7 in Unarmed Combat
  2842 | D:4      | Reached *** piety under Trog
  2846 | D:4      | Noticed Grinder
  2873 | D:4      | Killed Grinder
  2874 | D:4      | Reached skill level 8 in Unarmed Combat
  2874 | D:4      | Reached XP level 7. HP: 66/66 MP: 6/6
  2931 | D:4      | Found a shimmering altar of Xom.
  3039 | D:4      | Found Fulat's Weapon Shoppe.
  3139 | D:4      | Noticed Pikel
  3154 | D:4      | Killed Pikel
  3155 | D:4      | Reached skill level 9 in Unarmed Combat
  3155 | D:4      | Reached XP level 8. HP: 74/74 MP: 7/7
  3261 | D:4      | Found a blossoming altar of Fedhas.
  3276 | D:4      | Reached skill level 10 in Unarmed Combat
  3494 | D:5      | Entered Level 5 of the Dungeon
  3508 | D:5      | Found Yntit's Gadget Shop.
  3690 | D:5      | Found Ecvap's Distillery.
  3733 | D:5      | Bought a potion of degeneration for 12 gold pieces
  3733 | D:5      | Bought a potion of mutation for 96 gold pieces
  3744 | D:5      | Found Bapn's Book Shop.
  3829 | D:5      | Found Oweanom's Book Boutique.
  3852 | D:5      | Found a glowing golden altar of the Shining One.
  3892 | D:5      | Reached skill level 11 in Unarmed Combat
  3897 | D:5      | Noticed Sigmund
  3912 | D:5      | Killed Sigmund
  4297 | D:6      | Reached **** piety under Trog
  4399 | D:6      | Noticed Duvessa
  4400 | D:6      | Noticed Dowan
  4409 | D:6      | Killed Duvessa
  4410 | D:6      | Reached skill level 12 in Unarmed Combat
  4410 | D:6      | Reached XP level 9. HP: 80/80 MP: 8/8
  4414 | D:6      | Killed Dowan
  4488 | D:6      | Found a glowing drain.
  4647 | Sewer    | Entered a sewer
  4880 | Sewer    | Reached ***** piety under Trog
  5486 | D:6      | Found a white marble altar of Elyvilon.
  5859 | D:7      | Reached skill level 13 in Unarmed Combat
  5881 | D:7      | Found a bloodstained altar of Trog.
  5897 | D:7      | Found a transporter.
  5940 | D:7      | Found a transporter.
  5971 | D:7      | Found a basalt altar of Yredelemnul.
  5985 | D:7      | Found Teck's Jewellery Emporium.
  6240 | D:7      | Found Ysees's Antique Armour Shop.
  6742 | D:8      | Paralysed by a hornet for 2 turns
  6780 | D:8      | HP: 4/80 [killer bee (2)]
  6780 | D:8      | Slain by a killer bee

Illustrated notes

Levels and vault maps discovered:
D:1:      dpeg_arrival_pond, layout_rooms, minmay_tromino_mix6
D:2:      layout_basic, nicolae_ru_sacrificial_ziggurat,
          chequers_temple_overflow_minitemple
D:3:      layout_loops_ring, uniq_crazy_yiuf_cottage, uniq_terence, uniq_ijyb
D:4:      layout_loops_ring, marbit_many_paths, fedhas_bush_and_centaur_altar,
          temple_green, serial_shops, nicolae_shop_waterfront,
          corexii_leaking_fountain, uniq_grinder, uniq_pikel
D:5:      layout_basic, lemuel_round_altar, serial_shops,
          nicolae_shop_temple_entry_statues_fountains,
          nicolae_shop_temple_entry_statues_fountains, shop_fountains, shop,
          minmay_mini_ossuary, uniq_sigmund
D:6:      layout_cave_pods, old_standard_altar, portal_sewer_entry_e,
          hangedman_abyss_or_decor_passed, kennysheep_generic_room_10,
          uniq_duvessa
D:7:      gammafunk_steamed_eel, layout_loops_ring, yredelemnul_altar_generic,
          basic_altar, serial_shops, kennysheep_little_box,
          minmay_shop_enchanted_jewellery
D:8:      layout_rooms, demons_altar, gammafunk_temple_overflow_arena

Skill      XL: |  1  2  3  4  5  6  7  8  9 |
---------------+----------------------------+-----
Unarmed Combat | 4 5 6 8 9 12 13 | 13.9
Fighting       | |  2.4
Dodging        | |  2.4
Stealth        | |  1.0

Action                   |  1- 3 |  4- 6 |  7- 9 || total
-------------------------+-------+-------+-------++-------
Melee: Unarmed           |    97 |   123 |   412 ||   632
       Punch             |     3 |       |    17 ||    20
Invok: Berserk           |       |     2 |     3 ||     5
  Use: Scroll            |     2 |       |    11 ||    13
       Potion            |       |       |     7 ||     7
 Stab: Sleeping          |       |     3 |     5 ||     8
Armor: Robe              |    44 |    33 |   195 ||   272
Dodge: Dodged            |    56 |    51 |   254 ||   361
